 Dungeon Crawl Stone Soup version 0.27-a0-1332-g84bddb5ca7 (webtiles) character file.

Game seed: 7316592892355173974

109602 sanka the Spry (level 17, -2/133 HPs)
             Began as a Djinni Conjurer on June 25, 2021.
             Was the Champion of Makhleb.
             Slain by a wolf spider simulacrum (31 damage)
             ... on level 15 of the Dungeon.
             The game lasted 01:29:30 (26744 turns).

sanka the Spry (Djinni Conjurer)                   Turns: 26744, Time: 01:29:31

Health: -2/133     AC: 20    Str: 12    XL:     17   Next: 7%
Gold:   663        EV: 27    Int: 24    God:    Makhleb [******] SH:  0 Dex: 21

rFire    + + .     SeeInvis .   m - +2 spear (elec)
rCold    x . .     Faith    .   (no shield)
rNeg     . . .     Spirit   .   C - +6 acid dragon scales
rPois    ∞         Reflect  .   S - +2 helmet
rElec    +         Harm     .   R - +1 cloak of Starlight {*Dazzle EV+4 Stlth--}
rCorr    +         Rampage  .   M - +0 pair of gloves
Will     ++...                  (boots unavailable)
Stlth    ..........             H - amulet of regeneration
HPRegen  1.32/turn              i - ring of Joghomisa {rElec rPois Will+ Str+6 Slay+2}
MPRegen  0.00/turn              P - +6 ring of dexterity

@: flying
A: sickness immunity, fire resistance 2, cold vulnerability 1, float, innate
caster, hp casting, extra vitality 1
a: Renounce Religion, Minor Destruction, Lesser Servant of Makhleb, Major
Destruction, Greater Servant of Makhleb


You were on level 15 of the Dungeon.
You worshipped Makhleb.
Makhleb was exalted by your worship.
You visited 4 branches of the dungeon, and saw 24 of its levels.
You also visited: Ossuary and Bailey.

You collected 2103 gold pieces.
You spent 1440 gold pieces at shops.


Innate Abilities, Weirdness & Mutations

You are immune to sickness and miasma.
You are immune to poison.
Your flesh is very heat resistant. (rF++)
You are vulnerable to cold. (rC-)
You float through the air rather than walking.
You learn spells naturally, not from books.
Your magical power is your life essence.
You have superior vitality. (+4 HP)


   Skills:
 + Level 15.8 Fighting
 - Level 6.0 Armour
 + Level 16.0 Dodging
 - Level 1.5 Stealth
 - Level 14.0 Spellcasting


You couldn't memorise any spells.
You knew the following spells:

 Your Spells              Type           Power      Damage    Failure   Level
c - Iskenderun's Mystic   Conj/Tloc      71%        2d14      1%          4
i - Poisonous Vapours     Pois/Air       100%       N/A       1%          2
o - Sticky Flame          Conj/Fire      71%        2d8       1%          4
p - Agony                 Necr           71%        N/A       1%          5
u - Wereblood             Tmut           71%        N/A       1%          2
v - Beastly Appendage     Tmut           100%       N/A       0%          1
x - Searing Ray           Conj           100%       3d7       1%          2
y - Dazzling Flash        Conj/Hex       100%       N/A       1%          3
z - Magic Dart            Conj           100%       1d8       0%          1
U - Iron Shot             Conj/Erth      35%        9d7       2%          6
X - Freezing Cloud        Conj/Ice/Air   35%        6-21      1%          5
Y - Shadow Creatures      Summ           N/A        N/A       2%          6
Z - Fulminant Prism       Conj/Hex       35%        3d18      1%          4
Your spell library was empty.

Inventory:

Hand Weapons
 m - a +2 spear of electrocution (weapon)
Missiles
 F - 4 throwing nets {=f}
Armour
 C - +6 acid dragon scales (worn)
 M - a +0 pair of gloves (worn)
 R - the +1 cloak of Starlight (worn) {*Dazzle EV+4 Stlth--}

   It affects your evasion (+4).
   It makes you much less stealthy.
 S - a +2 helmet (worn)
Jewellery
 e - an amulet of the acrobat
 i - the ring of Joghomisa (left hand) {rElec rPois Will+ Str+6 Slay+2}

   [ring of willpower]

   It affects your strength (+6).
   It affects your accuracy and damage with ranged weapons and melee attacks
   (+2).
   It insulates you from electricity.
   It protects you from poison.
   It increases your willpower.
 k - a ring of protection from cold
 q - a ring of ice
 y - a ring of positive energy
 H - an amulet of regeneration (around neck)
 P - a +6 ring of dexterity (right hand)
Wands
 p - a wand of charming (37)
 u - a wand of iceblast (18)
 E - a wand of flame (42)
 I - a wand of paralysis (7)
 N - a wand of polymorph (10)
Scrolls
 a - 4 scrolls of magic mapping
 f - 7 scrolls of teleportation {@r4}
 g - a scroll of brand weapon
 r - 7 scrolls of immolation {!r}
 w - 2 scrolls of silence {!r}
 z - 5 scrolls of enchant weapon
 B - 3 scrolls of summoning
 L - 3 scrolls of fear
 O - 2 scrolls of torment {!r}
 Q - a scroll of fog
Potions
 b - 3 potions of cancellation {unknown}
 c - 8 potions of heal wounds {@q2}
 d - 3 potions of berserk rage {unknown}
 j - 2 potions of brilliance {unknown}
 l - 9 potions of lignification {!q}
 n - a potion of resistance {unknown}
 o - 10 potions of curing {@q1}
 s - 4 potions of attraction {!q}
 t - 5 potions of ambrosia
 v - 3 potions of invisibility {unknown}
 x - 2 potions of haste {unknown}
 A - 2 potions of mutation {unknown}
 J - 3 potions of might {unknown}
Miscellaneous
 D - a phial of floods

Dungeon Overview and Level Annotations

Branches:
Dungeon (15/15)            Temple (1/1) D:5            Lair (6/6) D:8
  Swamp (0/4) Lair:2       Spider (0/4) Lair:2        Slime (0/5) Lair:5
    Orc (2/2) D:11            Elf (0/3) Orc:2        Vaults (0/5) D:14
 Depths (0/5) D:15        Ossuary (visited)          Bailey (visited)

Altars:
Ashenzari
Cheibriados
Dithmenos
Elyvilon
Fedhas
Gozag
Hepliaklqana
Kikubaaqudgha
Makhleb
Nemelex Xobeh
Okawaru
Qazlal
Ru
Sif Muna
Trog
Uskayaw
Vehumet
Wu Jian
Xom
Yredelemnul
Zin
The Shining One

Shops:
D:1 :   D:6 (   D:7 [   D:13 ==?[   Orc:1 [:   Orc:2 !**:(

Portals:
Trove: D:11 (give 14 scrolls of teleportation)

Annotations:
D:14 3 runed translucent doors
Lair:4 1 runed translucent door, Quyjis's ghost, journeyman DDGl
Lair:5 3 runed translucent doors, Hoewnun's ghost, journeyman MiFi
Lair:6 2 transporters, Atsaelopacw's ghost, journeyman OpTm
Orc:2 1 runed translucent door, exclusions: door and 4 orange crystal statues

▒▒.▒.▒▒......▒..▒
▒.▒..▒▒▒▒.▒.▒.▒▒
▒..▒...........▒
▒...▒▒▒.▒▒▒[▒.▒▒
▒..............▒
▒▒▒▒▒▒.......▒▒▒
▒▒▒.▒▒▒▒).....▒ +▒+▒▒
▒▒..Z..▒▒..▒..▒▒ ▒.▒.▒
▒▒..▒▒R.▒▒......▒ ....▒
▒'▒.▒#▒..▒.▒.▒..▒ .▒..▒
▒Z##▒▒.▒▒......▒ .▒..▒
▒.e▒##...▒▒..▒..▒▒▒ .▒..▒
..Z ▒.▒.▒.▒▒.......▒ .†..▒▒
. ▒▒'▒'▒▒▒.▒.▒...▒
▒▒▒▒'▒▒▒▒▒▒▒▒.▒.▒.▒▒.......▒
▒▒......▒((....▒▒..▒.▒▒.▒▒
▒.▒▒..▒)▒)▒...▒▒........▒


You could see a wolf spider simulacrum (burning).


Message History

The centaur warrior shoots an arrow.
The arrow hits you. The wolf spider simulacrum hits you.
The wolf spider simulacrum freezes you!!
You feel a terrible chill!
* * * LOW HITPOINT WARNING * * *
The wolf spider simulacrum misses you.
You puncture the wolf spider simulacrum!
The wolf spider simulacrum is severely damaged.
The wolf spider simulacrum burns!
The centaur warrior is engulfed in freezing vapours.
You kill the centaur warrior!
Makhleb accepts your kill.
The wolf spider simulacrum hits you but does no damage.
The wolf spider simulacrum misses you.
You completely miss the wolf spider simulacrum.
The wolf spider simulacrum is severely damaged.
The wolf spider simulacrum burns!
The wolf spider simulacrum hits you but does no damage.
The wolf spider simulacrum bites you.
* * * LOW HITPOINT WARNING * * *
The wolf spider simulacrum freezes you!!
You feel a terrible chill!
* * * LOW HITPOINT WARNING * * *
The wolf spider simulacrum completely misses you.
The wolf spider simulacrum bites you.
* * * LOW HITPOINT WARNING * * *
The wolf spider simulacrum freezes you!!
You feel a terrible chill!
You die...

Action                   |  1- 3 |  4- 6 |  7- 9 | 10-12 | 13-15 | 16-18 || total
-------------------------+-------+-------+-------+-------+-------+-------++-------
Melee: Spear             |       |       |    10 |   179 |   555 |   213 ||   957
 Cast: Magic Dart        |    70 |    73 |   110 |    71 |   153 |     1 ||   478
       Searing Ray       |       |     4 |    33 |    31 |    14 |    10 ||    92
       Fulminant Prism   |       |     1 |     6 |    25 |       |     5 ||    37
       Wereblood         |       |       |     3 |       |       |       ||     3
       Sticky Flame      |       |       |     5 |    25 |   103 |    70 ||   203
       Poisonous Vapours |       |       |     3 |    17 |   101 |    27 ||   148
       Freezing Cloud    |       |       |       |    15 |    64 |    18 ||    97
       Shadow Creatures  |       |       |       |       |       |     5 ||     5
Evoke: Wand              |       |       |       |       |    12 |     1 ||    13
  Use: Scroll            |       |       |    10 |     8 |     8 |     1 ||    27
       Potion            |       |       |       |       |       |     1 ||     1
 Stab: Distracted        |       |       |       |     1 |       |       ||     1
       Sleeping          |       |       |       |       |     1 |       ||     1
       Petrified         |       |       |       |       |     4 |       ||     4
       Invisible         |       |       |       |       |     4 |    14 ||    18
Armor: Robe              |     1 |     1 |     6 |       |       |       ||     8
       Steam dragon scal |       |       |       |    50 |       |       ||    50
       Acid dragon scale |       |       |       |    17 |   125 |    86 ||   228
Dodge: Dodged            |     6 |     3 |    54 |   212 |   558 |   363 ||  1196

Levels and vault maps discovered:
D:1:      dpeg_arrival_brainrot, layout_basic, serial_shops, shop,
          dilly_ecumenical_altar_fadedgnrine
D:2:      layout_basic
D:3:      layout_rooms, old_standard_altar, minitemple, minivault_24, hex_tiny,
          uniq_natasha, uniq_jessica
D:4:      layout_basic, slow_altar_1, minmay_ogre_servants, uniq_duvessa,
          uniq_blork_the_orc
D:5:      layout_loops_ring, minmay_temple_entry_glass, enter_ossuary_5,
          uniq_pikel
D:6:      layout_loops_corners, serial_shops, nicolae_shop_behind_doors,
          minmay_fractal_squares_gapless_5
D:7:      layout_basic, marbit_many_paths, lemuel_round_altar, serial_shops,
          shop, uniq_harold
D:8:      layout_gridville, grunt_lair_entry_orc_guard_hut
D:9:      layout_rooms, kennysheep_little_box, nicolae_overflow_hidden_temple,
          old_standard_altar, st_stairs_4, uniq_maurice
D:10:     layout_loops_cross
D:11:     layout_basic, david_orc_4, enter_bailey_5, enter_trove_5
D:12:     layout_big_octagon, drop_trap, nicolae_elyvilon_temple_path,
          uniq_kirke, uniq_gastronok
D:13:     layout_cave_pools, serial_shops, shop, nicolae_lakefront_shop,
          nicolae_take_the_stairs, nicolae_shop_waterfront
D:14:     layout_cave_pools, grunt_vaults_entry_fortified,
          grunt_dithmenos_smoke, minmay_statue_crystal_thing
D:15:     hangedman_slaughterboxes, uniq_louise
Temple:   compressed_dpeg_triangle_lava_temple
Lair:1:   layout_gridlike, serial_bayou_shore_a, infiniplex_staircase_pool_2
Lair:2:   layout_gridlike, nicolae_swamp_entry_splash_gauntlet,
          spider_nest_entry_funnel_web
Lair:3:   layout_chaotic_city
Lair:4:   layout_loops_ring, hellmonk_ghost_happy_afterlife, beast_lair_carwin_5
Lair:5:   layout_cave_pods, minmay_slime_entry_pillars,
          maelrawn_ghost_gauntlet_escape, hellmonk_guarded_unrand_zhor
Lair:6:   evilmike_catoblepas_cave, layout_long_grid,
          gammafunk_ghost_wrathful_warriors
Orc:1:    layout_caves, basic_altar, serial_shops, shop,
          nicolae_orc_sculptors_studio, nicolae_shop_self_help
Orc:2:    st_orc_pillars, layout_diamond_mine, serial_shops, shop, basic_altar,
          chequers_guarded_unrand_ignorance

Notes
Turn   | Place    | Note
-------+----------+-------------------------------------------
     0 | D:1      | sanka the Djinni Conjurer began the quest for the Orb.
     0 | D:1      | Reached XP level 1. HP: 15/15 MP: 0/0
   191 | D:1      | Found Piutipt's Book Shop.
   214 | D:1      | Reached XP level 2. HP: 20/21 MP: 0/0
   259 | D:1      | Found a faded altar of an unknown god.
   915 | D:1      | Reached XP level 3. HP: 22/25 MP: 0/0
   915 | D:1      | Learned a level 1 spell: Beastly Appendage
  1293 | D:2      | Reached skill level 4 in Spellcasting
  1870 | D:3      | Reached XP level 4. HP: 25/31 MP: 0/0
  1956 | D:3      | Noticed Natasha
  1958 | D:3      | Killed Natasha
  2117 | D:3      | Noticed Jessica
  2120 | D:3      | Killed Jessica
  2121 | D:3      | Reached XP level 5. HP: 32/35 MP: 0/0
  2121 | D:3      | Learned a level 2 spell: Wereblood
  2494 | D:3      | Noticed Natasha
  2498 | D:3      | Killed Natasha
  2499 | D:3      | Reached skill level 5 in Spellcasting
  2587 | D:3      | Found a sparkling altar of Nemelex Xobeh.
  2637 | D:3      | Noticed Natasha
  2640 | D:3      | Killed Natasha
  2661 | D:3      | Found a white marble altar of Elyvilon.
  2924 | D:4      | Reached XP level 6. HP: 31/40 MP: 0/0
  3241 | D:4      | Found a snail-covered altar of Cheibriados.
  3247 | D:4      | Noticed Blork the orc
  3262 | D:4      | Killed Blork the orc
  3263 | D:4      | Reached skill level 6 in Spellcasting
  3274 | D:4      | Reached XP level 7. HP: 32/45 MP: 0/0
  3274 | D:4      | Learned a level 2 spell: Poisonous Vapours
  3895 | D:4      | Noticed Duvessa
  3895 | D:4      | Noticed Dowan
  3900 | D:4      | Killed Duvessa
  3908 | D:4      | Killed Dowan
  4088 | D:4      | Identified the +3 hunting sling "Lituov" {flame, rC+ Dex+2
                  | Stlth+}
  4106 | D:5      | Entered Level 5 of the Dungeon
  4147 | D:5      | Noticed Pikel
  4461 | D:5      | Reached skill level 7 in Spellcasting
  4503 | D:5      | Reached XP level 8. HP: 43/50 MP: 0/0
  4596 | D:5      | Found a staircase to the Ecumenical Temple.
  4628 | D:5      | Reached skill level 8 in Spellcasting
  4628 | D:5      | Reached skill level 1 in Fighting
  4655 | D:5      | Reached skill level 3 in Dodging
  4725 | D:5      | Noticed a yak
  4725 | D:5      | Noticed a yak
  4726 | D:5      | Noticed a yak
  4731 | D:5      | Found a sand-covered staircase.
  4735 | Ossuary  | Entered an ossuary
  5318 | Ossuary  | Reached skill level 2 in Fighting
  5619 | D:5      | Identified a scroll of acquirement
  5641 | D:5      | Acquired the ring of Joghomisa {rElec rPois Will+ Str+6
                  | Slay+2}
  5981 | D:5      | Killed Pikel
  5982 | D:5      | Reached skill level 4 in Fighting
  5982 | D:5      | Reached skill level 5 in Dodging
  5982 | D:5      | Reached XP level 9. HP: 31/63 MP: 0/0
  5982 | D:5      | Learned a level 4 spell: Sticky Flame
  6400 | D:5      | Reached skill level 5 in Fighting
  6400 | D:5      | Reached skill level 6 in Dodging
  7141 | D:6      | Reached skill level 7 in Dodging
  7187 | D:6      | Reached skill level 6 in Fighting
  7267 | D:6      | Identified +0 steam dragon scales
  7268 | D:6      | Reached XP level 10. HP: 54/72 MP: 0/0
  7524 | D:6      | Found Nerigib's Antique Weapon Boutique.
  7949 | Temple   | Entered the Ecumenical Temple
  8489 | D:7      | Reached skill level 7 in Fighting
  8489 | D:7      | Reached skill level 8 in Dodging
  8525 | D:7      | Found a sacrificial altar of Ru.
  8808 | D:7      | Found Axeykk's Armour Shop.
  9112 | D:7      | Identified +0 steam dragon scales
  9438 | D:7      | Noticed Harold
  9447 | D:7      | Killed Harold
  9448 | D:7      | Reached skill level 8 in Fighting
  9448 | D:7      | Reached skill level 9 in Dodging
  9851 | D:8      | Noticed a cyclops
  9858 | D:8      | Killed a cyclops
 10383 | D:8      | Found a staircase to the Lair.
 10390 | D:8      | Reached XP level 11. HP: 82/82 MP: 0/0
 10390 | D:8      | Learned a level 5 spell: Freezing Cloud
 10984 | D:9      | Found a stormy altar of Qazlal.
 10984 | D:9      | Found a shimmering altar of Xom.
 11053 | D:9      | Noticed Maurice
 11063 | D:9      | Killed Maurice
 11064 | D:9      | Reached skill level 9 in Spellcasting
 11073 | D:9      | Found a broken altar of Ashenzari.
 11170 | D:9      | Found a glowing silver altar of Zin.
 11254 | D:9      | Noticed a two-headed ogre
 11264 | D:9      | Killed a two-headed ogre
 11874 | D:10     | Entered Level 10 of the Dungeon
 12124 | D:10     | Reached skill level 10 in Spellcasting
 12124 | D:10     | Reached skill level 10 in Dodging
 12150 | D:10     | Reached skill level 9 in Fighting
 12366 | D:10     | Noticed a two-headed ogre
 12370 | D:10     | Killed a two-headed ogre
 12701 | D:9      | Found a hide-covered altar of Uskayaw.
 12701 | D:9      | Found a burning altar of Makhleb.
 12701 | D:9      | Found an ornate altar of the Wu Jian Council.
 12708 | D:9      | Became a worshipper of Makhleb the Destroyer
 12779 | D:11     | Noticed a two-headed ogre
 12786 | D:11     | Killed a two-headed ogre
 12787 | D:11     | Reached XP level 12. HP: 48/91 MP: 0/0
 12859 | D:11     | Identified +0 acid dragon scales
 12917 | D:11     | Reached skill level 11 in Dodging
 12931 | D:11     | Reached skill level 10 in Fighting
 12957 | D:11     | Identified +0 acid dragon scales
 12989 | D:11     | Found a flagged portal.
 12990 | D:11     | Identified the +5 scale mail of the Ego {rElec rF+ Str-5}
 13028 | Bailey   | Entered a bailey
 13039 | Bailey   | Reached * piety under Makhleb
 13218 | Bailey   | Reached ** piety under Makhleb
 13419 | D:11     | Found a portal to a secret trove of treasure.
 13419 | D:11     | Noticed a vault guard
 13433 | D:11     | Killed a vault guard
 13434 | D:11     | Reached skill level 12 in Dodging
 13656 | D:11     | Reached skill level 11 in Fighting
 13705 | D:11     | Found a staircase to the Orcish Mines.
 14150 | Lair:1   | Entered Level 1 of the Lair of Beasts
 14690 | Lair:1   | Reached XP level 13. HP: 99/99 MP: 0/0
 14690 | Lair:1   | Learned a level 5 spell: Agony
 15187 | Lair:2   | Reached skill level 13 in Dodging
 15320 | Lair:2   | Reached *** piety under Makhleb
 15321 | Lair:2   | Reached skill level 12 in Fighting
 15907 | Lair:2   | Found a staircase to the Swamp.
 16052 | Lair:2   | Found a hole to the Spider Nest.
 16797 | Lair:3   | Reached skill level 14 in Dodging
 16840 | Lair:3   | Noticed a boulder beetle
 16850 | Lair:3   | Killed a boulder beetle
 17064 | Lair:4   | Noticed Quyjis's ghost (journeyman DDGl)
 17067 | Lair:4   | Found a runed translucent door.
 17088 | Lair:4   | Reached skill level 13 in Fighting
 17159 | Lair:4   | Reached **** piety under Makhleb
 18055 | Lair:5   | Found a staircase to the Slime Pits.
 18208 | Lair:5   | Reached XP level 14. HP: 110/110 MP: 0/0
 18245 | Lair:5   | Found a runed translucent gate.
 18245 | Lair:5   | Found a runed translucent gate.
 18245 | Lair:5   | Found a runed translucent gate.
 18251 | Lair:5   | Noticed a minotaur
 18385 | Lair:5   | Reached skill level 15 in Dodging
 18408 | Lair:5   | Reached skill level 14 in Fighting
 18483 | Lair:5   | Found the +4 skin of Zhor {*Englaciate rC+++ SInv}
 18669 | Lair:5   | Noticed Hoewnun's ghost (journeyman MiFi)
 19316 | Lair:6   | Entered Level 6 of the Lair of Beasts
 19361 | Lair:6   | Reached skill level 15 in Fighting
 19505 | Lair:6   | Found a transporter.
 19922 | Lair:6   | Reached skill level 11 in Spellcasting
 20061 | Lair:6   | Reached XP level 15. HP: 111/120 MP: 0/0
 20061 | Lair:6   | Learned a level 6 spell: Shadow Creatures
 20129 | Lair:6   | Reached ***** piety under Makhleb
 20183 | Lair:6   | Found a transporter.
 20184 | Lair:6   | Noticed Atsaelopacw's ghost (journeyman OpTm)
 20222 | Lair:6   | Found a bloodstained altar of Trog.
 20742 | Orc:1    | Entered Level 1 of the Orcish Mines
 20761 | Orc:1    | Found a burning altar of Makhleb.
 20773 | Orc:1    | Found Keapsitt's Antique Armour Emporium.
 20852 | Orc:1    | Found Asuol's Self-Improvement Boutique.
 21479 | Orc:2    | Entered Level 2 of the Orcish Mines
 21603 | Orc:2    | Found a runed translucent door.
 21617 | Orc:2    | Found a staircase to the Elven Halls.
 21841 | Orc:2    | Reached skill level 12 in Spellcasting
 21887 | Orc:2    | Found Fiympoih's Distillery.
 22243 | Orc:2    | Found the +10 tower shield of Ignorance {rN+ Int-4}
 22469 | Orc:2    | Reached ****** piety under Makhleb
 22490 | Orc:2    | HP: 10/120 [orc knight (32)]
 22510 | Orc:2    | HP: 8/120 [orc high priest/divine providence (16)]
 22752 | Orc:2    | Found a runed translucent door.
 22867 | Orc:2    | Found Bujoin's General Store.
 22870 | Orc:2    | Found Qaublen's Weapon Shop.
 22873 | Orc:2    | Found Nyirie's Book Boutique.
 22874 | Orc:2    | Found Zaskib's General Store.
 23074 | Orc:1    | Bought the +1 cloak of Starlight {*Dazzle EV+4 Stlth--} for
                  | 976 gold pieces
 23074 | Orc:1    | Found the +1 cloak of Starlight {*Dazzle EV+4 Stlth--}
 23074 | Orc:1    | Bought a glowing helmet for 240 gold pieces
 23096 | Orc:1    | Bought a polished leather armour for 224 gold pieces
 23096 | Orc:1    | Identified the +1 leather armour of Love and Death {*Slow
                  | rC+ Int+2} (You bought it in a shop on level 1 of the
                  | Orcish Mines)
 23295 | D:12     | Noticed Gastronok
 23308 | D:12     | Killed Gastronok
 23309 | D:12     | Reached skill level 13 in Spellcasting
 23317 | D:12     | Noticed Kirke
 23530 | D:12     | Killed Kirke
 23564 | D:12     | Found a white marble altar of Elyvilon.
 23937 | D:13     | Found Abuasocy's Magic Scroll Shop.
 24197 | D:13     | Found Asag's Jewellery Shop.
 24242 | D:13     | Reached XP level 16. HP: 126/126 MP: 0/0
 24359 | D:13     | Found Teadaam's Jewellery Boutique.
 24425 | D:13     | Found Zaoqa's Armour Emporium.
 24620 | D:14     | Found a shadowy altar of Dithmenos.
 24621 | D:14     | Found a runed translucent door.
 24747 | D:14     | Found a runed translucent door.
 24766 | D:14     | Found a runed translucent door.
 24835 | D:14     | Reached skill level 14 in Spellcasting
 24842 | D:14     | Reached skill level 1 in Armour
 24844 | D:14     | Reached skill level 2 in Armour
 25000 | D:14     | Found a runed translucent door.
 25074 | D:14     | Reached skill level 3 in Armour
 25178 | D:14     | Reached skill level 4 in Armour
 25200 | D:14     | Reached skill level 5 in Armour
 25237 | D:14     | Found a gate to the Vaults.
 25701 | D:15     | Entered Level 15 of the Dungeon
 25717 | D:14     | Reached skill level 6 in Armour
 26236 | D:15     | Found a basalt altar of Yredelemnul.
 26236 | D:15     | Found a blossoming altar of Fedhas.
 26237 | D:15     | Found a sacrificial altar of Ru.
 26449 | D:15     | Found a staircase to the Depths.
 26690 | D:15     | Reached XP level 17. HP: 110/132 MP: 0/0
 26690 | D:15     | Learned a level 6 spell: Iron Shot
 26724 | D:15     | Noticed a tengu reaver
 26736 | D:15     | Killed a tengu reaver
 26737 | D:15     | Reached skill level 16 in Dodging
 26744 | D:15     | Slain by a wolf spider simulacrum

Vanquished Creatures
  Gastronok (D:12)
  A tengu reaver (D:15)
  Kirke (D:12)
  An ettin (Orc:2)
  5 vault guards
  6 boulder beetles
  6 hydras
  A death knight (D:15)
  Harold (D:7)
  5 centaur warriors
  5 catoblepae
  5 two-headed ogres
  6 death yaks (Lair:6)
  3 tengu warriors
  5 orc high priests (Orc:2)
  A deep elf knight (D:14)
  3 skeletal warriors (D:13)
  2 phantasmal warriors
  Pikel (D:5)
  2 bog bodies (Lair:2)
  2 lindwurms
  12 orc knights
  4 wizards
  4 deep elf pyromancers
  An oklob plant (Lair:4)
  8 cyclopes
  3 manticores
  17 ugly things
  9 elephants (Lair:5)
  A guardian serpent (shapeshifter) (D:15)
  Maurice (D:9)
  3 torpor snails
  2 black mambas
  8 cane toads
  4 gargoyles
  2 yaktaurs
  3 tengu conjurers
  6 rime drakes
  An efreet (D:15)
  3 freezing wraiths
  8 komodo dragons
  3 trolls
  A jumping spider (Lair:2)
  3 meliai (D:15)
  5 polar bears
  6 blink frogs
  11 slime creatures
  4 dream sheep (Lair:5)
  A shadow (D:13)
  A vampire (D:12)
  A redback (Lair:2)
  A yak (shapeshifter) (D:13)
  A basilisk (shapeshifter) (D:15)
  2 hogs (D:12)
  66 yaks
  4 basilisks
  7 wyverns
  A human (D:12)
  5 steam dragons
  6 vampire mosquitoes
  A warg (Orc:2)
  2 swamp worms (Lair:2)
  3 acid dragons
  11 water moccasins
  Duvessa (D:4)
  46 orc warriors
  2 ice beasts
  A sky beast (D:6)
  3 black bears
  15 wolves
  A necrophage (D:5)
  8 ogres
  A lemure (D:5)
  A phantom (D:6)
  8 centaurs
  An elf zombie (Ossuary)
  17 bullfrogs
  Blork the orc (D:4)
  A wyvern zombie (D:7)
  6 scorpions
  Dowan (D:4)
  A water moccasin skeleton (D:4)
  3 howler monkeys
  5 electric eels
  4 centaur zombies
  4 hounds
  2 gnoll shamans
  A human zombie (Ossuary)
  30 orc priests
  A bullfrog skeleton (D:6)
  An iron imp (D:4)
  4 jellies
  Jessica (D:3)
  5 iguanas
  7 orc wizards
  Natasha (thrice) (D:3)
  2 mummies (Ossuary)
  2 howler monkey zombies
  7 adders
  14 gnolls
  A white imp (D:8)
  An ufetubus (D:4)
  An adder zombie (Ossuary)
  2 worms
  2 dart slugs
  86 orcs
  7 ball pythons
  5 bats
  8 endoplasms
  4 giant cockroaches
  16 goblins
  3 hobgoblins
  9 kobolds
  3 quokkas
  3 frilled lizards
  A goblin zombie (Ossuary)
  8 hobgoblin zombies (Ossuary)
  3 jackal zombies (Ossuary)
  11 kobold zombies (Ossuary)
  7 orc zombies (Ossuary)
  3 rats
  4 rat zombies (Ossuary)
708 creatures vanquished.

Vanquished Creatures (collateral kills)
  An orange crystal statue (D:14)
1 creature vanquished.

Vanquished Creatures (others)
  A cyclops (D:12)
  37 fulminant prisms
  21 fungi
  28 plants
87 creatures vanquished.

Grand Total: 796 creatures vanquished
